Map: Rhoskallian LE

Players

Massa

  • Race: Terran Terran
  • League: Platinum
  • Spawn Location: 12:00

qqq

  • Race: Zerg Zerg
  • Spawn Location: 11:00

Claudy - Winner!

  • Race: Terran Terran
  • League: Diamond
  • Spawn Location: 6:00

KipikK - Winner!

  • Race: Terran Terran
  • Spawn Location: 5:00

VOD

Have the link to the VOD?

Description

Time

  • Played on: Feb. 17, 2021, 3:50 p.m.
  • Length: 10:42
Show
View Real Time Build Order
Export as new Build Order

Massa Terran 

Build Orders:  

Get SALT Encoding   

  12  0:00  SCV  
  13  0:12  SCV  
  14  0:17  Supply Depot  
  14  0:24  SCV  
  15  0:39  SCV  
  15  0:40  Barracks  
  16  0:47  Refinery  
  16  0:51  SCV  
  17  0:59  Refinery  
  17  1:03  SCV  
  18  1:15  SCV  
  19  1:27  SCV  
  20  1:39  SCV  
  21  1:53  Orbital Command  
  21  1:54  Supply Depot  
  21  1:59  Factory  
  22  2:01  Reaper  
  22  2:08  Barracks  
  22  2:21  SCV  
  23  2:33  Marine  
  24  2:44  Hellion  
  24  2:49  Command Center  
  26  2:54  SCV  
  27  3:01  Barracks Tech Lab  
  27  3:06  Hellion  
  29  3:14  Barracks Reactor  
  29  3:25  Marauder  
  29  3:26  Stimpack  
  31  3:46  Command Center  
  31  3:47  Supply Depot  
  31  3:55  Factory Tech Lab  
  31  3:59  Supply Depot  
  31  4:00  SCV  
  32  4:06  Orbital Command  
  32  4:09  Marine  
  33  4:13  SCV  
  34  4:19  Cyclone  
  37  4:27  Marine  
  37  4:45  SCV x2  
  39  4:56  Engineering Bay  
  39  4:58  Orbital Command  
  39  5:00  SCV x2  
  41  5:10  Starport  
  41  5:13  SCV x2  
  43  5:18  Marine  
  44  5:23  Siege Tank  
  44  5:25  SCV x2  
  44  5:48  Starport Reactor  
  44  5:53  SCV x3  
  47  6:02  Missile Turret  
  47  6:05  SCV x3, Missile Turret  
  50  6:17  SCV, Marine, Siege Tank  
  55  6:24  Barracks  
  54  6:28  SCV  
  55  6:35  Marine  
  56  6:46  SCV x3  
  59  6:54  Missile Turret  
  59  6:55  Marauder, Marine x2  
  59  6:58  SCV x2  
  65  7:06  Refinery x2  
  65  7:10  Barracks  
  65  7:17  Barracks  
  65  7:20  Barracks Tech Lab, Marine  
  65  7:21  Marine x2  
  65  7:22  Combat Shield  
  68  7:27  Terran Infantry Weapons Level 1  
  68  7:31  Armory, Medivac x2  
  72  7:39  Marauder  
  74  7:49  SCV x2  
  76  8:01  SCV  
  77  8:07  Orbital Command  
  77  8:08  Supply Depot x2  
  77  8:09  Barracks Reactor, Barracks Tech Lab  
  77  8:11  Supply Depot  
  77  8:21  Orbital Command, Missile Turret, Supply Depot  
  77  8:30  SCV x2, Marauder x2, Marine x2, Medivac x2  
  77  8:32  Supply Depot  
  85  8:35  Supply Depot  
  70  8:47  SCV, Marine  
  67  8:51  Marauder  
  67  8:52  Marauder  
  71  8:58  SCV  
  71  8:59  SCV, Viking x2  
  77  9:10  SCV  
  77  9:11  SCV  
  77  9:13  Marauder  
  81  9:23  SCV x2  
  80  9:29  Viking x2  
  84  9:35  SCV  
  85  9:38  Missile Turret  
  85  9:50  Engineering Bay  
  84  9:59  Viking x2  
  88  10:07  Missile Turret x2  
  88  10:09  Marauder x3, Marine x4  
  88  10:12  Orbital Command  
  68  10:31  Missile Turret  
Show
View Real Time Build Order
Export as new Build Order

qqq Zerg 

Build Orders: Hatch First 

Get SALT Encoding   

  12  0:03  Drone  
  13  0:16  Drone  
  13  0:18  Overlord  
  14  0:53  Hatchery  
  13  0:59  Drone  
  13  1:01  Drone  
  13  1:02  Drone  
  16  1:14  Drone  
  17  1:34  Spawning Pool  
  17  1:36  Extractor  
  15  1:44  Drone x2  
  15  1:45  Drone  
  18  1:57  Drone  
  19  2:13  Drone  
  19  2:14  Drone  
  21  2:21  Queen  
  21  2:22  Queen  
  25  2:30  Drone x2  
  27  2:42  Drone  
  28  2:44  Overlord x2  
  28  2:50  Metabolic Boost  
  28  2:59  Extractor  
  28  3:03  Evolution Chamber  
  28  3:04  Evolution Chamber  
  25  3:06  Extractor  
  24  3:13  Roach Warren  
  24  3:16  Drone  
  24  3:18  Drone  
  25  3:24  Drone x2  
  27  3:28  Drone  
  27  3:33  Drone  
  29  3:38  Drone  
  29  3:40  Drone  
  31  3:44  Drone  
  32  3:53  Lair  
  32  3:56  Drone  
  32  3:58  Drone  
  34  4:04  Drone x2  
  36  4:11  Zerg Missile Weapons Level 1  
  36  4:16  Zerg Ground Armor Level 1  
  37  4:24  Drone x3  
  37  4:25  Drone  
  37  4:28  Roach  
  37  4:31  Roach  
  44  4:37  Overlord  
  44  4:47  Overlord  
  44  4:48  Overlord x2  
  44  4:55  Glial Reconstitution  
  44  5:04  Zergling x6, Nydus Network  
  44  5:06  Drone x2  
  48  5:11  Extractor  
  48  5:13  Drone x3, Extractor  
  49  5:17  Roach  
  49  5:20  Roach  
  53  5:24  Drone x2  
  53  5:25  Drone  
  56  5:33  Drone  
  56  5:34  Hydralisk Den  
  56  5:37  Overlord, Roach  
  56  5:39  Drone  
  59  5:50  Drone  
  59  5:51  Overlord x2  
  59  5:52  Drone x2  
  59  5:54  Drone  
  63  5:59  Roach  
  63  6:00  Roach  
  67  6:06  Roach  
  67  6:08  Roach  
  71  6:20  Nydus Canal  
  71  6:22  Hydralisk x3  
  77  6:26  Roach  
  77  6:32  Zerg Ground Armor Level 2  
  72  6:51  Hydralisk x3  
  66  7:03  Hydralisk x3  
  66  7:04  Hydralisk  
  72  7:14  Hatchery  
  71  7:17  Hatchery  
  71  7:19  Muscular Augments  
  71  7:21  Hydralisk  
  72  7:44  Spire  
  71  7:53  Spore Crawler  
  71  7:55  Hydralisk, Spore Crawler  
  71  7:56  Hydralisk x3  
  77  7:58  Spore Crawler  
  76  8:10  Infestation Pit  
  73  8:32  Hydralisk x5  
  73  8:33  Hydralisk  
  75  9:05  Drone  
  75  9:06  Drone x5  
  75  9:07  Corruptor  
  75  9:08  Corruptor x2  
  75  9:09  Corruptor  
  71  9:31  Mutalisk x2  
  75  9:44  Corruptor  
  77  9:58  Hydralisk  
  77  9:59  Hydralisk x3  
  75  10:01  Zergling x6  
  75  10:02  Zergling x2  
  57  10:10  Drone  
Show
View Real Time Build Order
Export as new Build Order

Claudy Terran - Winner!

Build Orders: 1/1/1, 2 Factory, Liberator Opening 

Get SALT Encoding   

  12  0:00  SCV  
  13  0:12  SCV  
  14  0:18  Supply Depot  
  14  0:24  SCV  
  15  0:35  Refinery  
  15  0:40  SCV  
  16  0:46  Barracks  
  16  0:52  SCV  
  17  1:02  Refinery  
  17  1:04  SCV  
  18  1:17  SCV  
  19  1:29  SCV  
  20  1:34  Factory  
  20  1:41  Orbital Command  
  20  1:42  Barracks Reactor  
  20  1:52  Supply Depot  
  20  2:04  Factory  
  20  2:06  SCV  
  21  2:18  Factory Tech Lab  
  21  2:24  Starport  
  21  2:27  SCV  
  22  2:42  SCV  
  23  2:53  Command Center  
  23  2:55  SCV  
  24  3:06  Liberator  
  27  3:19  Liberator  
  30  3:21  SCV  
  31  3:27  Supply Depot  
  31  3:48  SCV  
  31  3:49  Liberator  
  35  4:02  Engineering Bay  
  35  4:06  Command Center  
  35  4:09  Orbital Command  
  35  4:13  Factory Tech Lab  
  35  4:15  Barracks Reactor  
  35  4:46  Liberator  
  35  4:48  Orbital Command, Hellion x2  
  35  4:49  SCV  
  43  5:02  Liberator  
  43  5:03  SCV  
  43  5:06  Refinery  
  47  5:09  Hellion x2  
  47  5:10  Supply Depot  
  47  5:14  SCV  
  52  5:15  SCV  
  52  5:20  Missile Turret  
  53  5:23  Missile Turret  
  53  5:26  SCV  
  54  5:29  Orbital Command  
  54  5:35  Liberator  
  57  5:41  SCV x2  
  59  5:52  Refinery  
  59  5:53  SCV x2  
  61  5:58  Liberator  
  64  6:05  SCV  
  64  6:06  SCV  
  64  6:07  SCV  
  67  6:12  Hellion x2, Fusion Core  
  67  6:17  SCV  
  67  6:18  SCV  
  73  6:19  SCV  
  73  6:22  Supply Depot  
  74  6:40  SCV  
  74  6:52  SCV  
  75  6:59  Hellion x3  
  80  7:02  Weapon Refit  
  80  7:03  Starport  
  80  7:05  SCV  
  80  7:08  Orbital Command  
  80  7:16  Liberator  
  80  7:21  SCV x2, Supply Depot x2  
  85  7:34  Missile Turret  
  85  7:41  Refinery, Barracks Tech Lab  
  85  7:43  Hellion x2  
  92  7:45  SCV  
  92  7:47  SCV x2  
  95  7:55  Supply Depot  
  95  7:58  SCV  
  96  7:59  SCV  
  96  8:05  Starport  
  94  8:07  Starport Tech Lab  
  94  8:10  Hellion  
  94  8:11  Hellion x2  
  94  8:12  Refinery  
  100  8:13  SCV  
  100  8:14  Command Center  
  100  8:16  SCV x2  
  100  8:18  Supply Depot x2  
  100  8:19  Supply Depot  
  99  8:44  Hellion x3  
  99  8:45  Battlecruiser x2  
  99  8:46  Battlecruiser  
  123  9:05  Hellion  
  125  9:13  Hellion x2  
  129  9:27  Hellion  
  131  9:41  SCV x2  
  131  9:42  SCV  
  133  10:05  Hellion x3  
Show
View Real Time Build Order
Export as new Build Order

KipikK Terran - Winner!

Build Orders: 2 Factory, Mech 

Get SALT Encoding   

  12  0:00  SCV  
  13  0:13  SCV  
  14  0:18  Supply Depot  
  14  0:26  SCV  
  15  0:31  Refinery  
  15  0:40  SCV  
  16  0:45  Barracks  
  16  0:54  SCV  
  17  1:07  Refinery, SCV  
  18  1:19  SCV  
  19  1:33  Orbital Command  
  19  1:36  Marine  
  20  1:42  Factory  
  20  1:55  Barracks Reactor  
  20  2:00  SCV  
  21  2:14  SCV  
  22  2:17  Supply Depot  
  22  2:30  SCV  
  23  2:40  Hellion x2  
  27  2:51  Command Center  
  27  2:53  SCV  
  27  2:56  Starport  
  28  3:01  Supply Depot  
  28  3:05  Hellion  
  30  3:10  SCV  
  31  3:24  Barracks Tech Lab  
  31  3:25  Factory  
  31  3:31  SCV  
  32  3:41  Hellion  
  34  3:42  Medivac  
  34  3:43  SCV  
  37  3:53  Hellion  
  39  4:03  SCV  
  39  4:05  Orbital Command  
  40  4:12  Liberator  
  37  4:38  SCV  
  38  4:46  Command Center  
  38  4:48  Hellion x2  
  38  4:50  SCV, Armory  
  43  4:53  SCV  
  43  4:57  Siege Tank  
  47  5:02  SCV  
  47  5:05  Refinery, SCV  
  49  5:15  Liberator  
  49  5:16  SCV  
  49  5:17  SCV  
  54  5:28  Refinery  
  54  5:40  Terran Vehicle Weapons Level 1  
  54  5:43  Supply Depot  
  54  5:46  SCV x2, Hellion x2  
  57  5:53  Siege Tank  
  60  5:58  SCV x2  
  62  6:10  SCV x2  
  64  6:13  Supply Depot  
  64  6:19  Orbital Command, Hellion x2  
  64  6:22  SCV x2  
  64  6:24  Refinery  
  70  6:30  Siege Tank  
  73  6:34  Barracks Tech Lab, SCV x2  
  73  6:35  Factory  
  75  6:47  SCV x2, Infernal Pre-Igniter  
  74  6:49  Factory  
  74  6:56  SCV  
  74  6:59  SCV x2  
  74  7:00  Starport Reactor  
  77  7:08  SCV  
  78  7:09  Hellion x2, Siege Tank  
  78  7:11  SCV x2  
  87  7:16  Supply Depot x2  
  87  7:19  Barracks Tech Lab  
  87  7:20  SCV  
  88  7:35  Hellion x2  
  92  7:45  Siege Tank  
  92  7:46  Supply Depot  
  92  7:47  Supply Depot  
  92  7:48  Thor  
  92  7:50  Siege Tank  
  104  7:52  SCV  
  104  7:54  Viking x2  
  109  8:08  SCV x3, Hellion x2  
  109  8:11  Supply Depot  
  109  8:12  Supply Depot  
  116  8:20  SCV  
  116  8:23  SCV  
  116  8:26  SCV  
  119  8:35  SCV  
  119  8:37  Siege Tank  
  119  8:38  Thor x2  
  119  8:39  Hellion x2  
  135  9:01  SCV x3  
  134  9:04  Supply Depot  
  134  9:05  Supply Depot  
  134  9:07  Engineering Bay  
  134  9:09  Widow Mine  
  138  9:10  Widow Mine, Drilling Claws  
  138  9:13  SCV  
  138  9:14  SCV  
  140  9:19  Refinery  
  140  9:25  Thor  
  140  9:28  Command Center  
  146  9:40  SCV  
  143  9:57  Command Center  
  139  10:10  SCV  
Tags
 
Add a new tag
Caveats
  • Supply blocks, unpowered buildings, or Contaminate may cause inaccurate times.
  • Supply counts are checked every 10 seconds.